 Dungeon Crawl Stone Soup version 0.31-a0-182-gc5ef74bbde (webtiles) character file.

Game seed: 12085323532019448250

136 qw the Shooter (level 5, -7/49 HPs)
             Began as a Naga Hunter on June 20, 2023.
             Mangled by a gnoll
             ... wielding a +0 halberd
             ... led by a gnoll bouda
              (11 damage)
             ... on level 3 of the Dungeon.
             The game lasted 00:00:52 (2414 turns).

qw the Shooter (Naga Hunter)                        Turns: 2414, Time: 00:00:53

Health: -7/49      AC:  5    Str: 13    XL:     5   Next: 19%
Magic:  5/5        EV:  9    Int: 10    God:
Gold:   110        SH:  0    Dex: 16    Spells: 4/4 levels left

rFire   . . .        Y - +0 shortbow
rCold   + . .        (shield currently unavailable)
rNeg    . . .        c - +0 leather armour
rPois   +            (no helmet)
rElec   .            d - +1 cloak
rCorr   .            (no gloves)
SInv    +            (no barding)
Will    .....        (no amulet)
Stlth   ++           j - ring of protection from cold
HPRegen 0.28/turn    (no ring)
MPRegen 0.09/turn

%: no passive effects
@: very slow
A: AC +1, large, see invisible, deformed body, poison resistance, slowness 2,
spit poison 1, naga tail 1
a: Spit Poison


You were on level 3 of the Dungeon.
You visited 1 branch of the dungeon, and saw 3 of its levels.

You collected 110 gold pieces.


Innate Abilities, Weirdness & Mutations

Your serpentine skin is tough. (AC +1)
You have supernaturally acute eyesight. (SInv)
Armour fits poorly on your strangely shaped body.
Your system is resistant to poisons. (rPois)
You cover ground very slowly.
You can spit poison.
You have a snake-like lower body.


   Skills:
 - Level 3.3 Fighting
 + Level 5.1 Ranged Weapons
 - Level 1.5 Dodging
 - Level 1.5 Stealth


You had 4 spell levels left.
You didn't know any spells.
Your spell library was empty.

Inventory:

Hand Weapons
 Y - a +0 shortbow (weapon)
Armour
 c - a +0 leather armour (worn)
 d - a +1 cloak (worn)
Jewellery
 j - a ring of protection from cold (left hand)
 l - a ring of ice
Scrolls
 f - a scroll of identify
Potions
 a - a potion of attraction {unknown}
 b - a potion of invisibility {unknown}
 e - a potion of haste {unknown}
 k - 2 potions of mutation {unknown}

Dungeon Overview and Level Annotations

Branches:
Dungeon (3/15)

Altars:

Shops:
D:3 [


Message History

The arrow hits the kobold.
You kill the kobold!
You have got your breath back.
The gnoll barely misses you.
The gnoll bouda utters an invocation to its god.
The gnoll bouda is healed somewhat.
2410 ||| INVOKING Spit Poison.
Aiming: Spit Poison (1% risk of failure)
Press: ? - help, Shift-Dir - straight line, f/p - gnoll bouda The splash of poison misses the gnoll bouda.
The gnoll closely misses you.
The gnoll bouda hits you with a +0 club.
You shoot an arrow.
The arrow hits the gnoll bouda but does no damage.
The gnoll bouda is heavily wounded.
You hear the rapid rusting of a distant drain.
The gnoll bouda looks more healthy.
The gnoll barely misses you.
The gnoll bouda hits you with a +0 club!
The gnoll hits you with a +0 spear.
The gnoll hits you from afar with a +0 halberd.
You shoot an arrow.
The arrow barely misses the gnoll bouda.
The gnoll is no longer moving quickly.
The gnoll bouda hits you with a +0 club.
The gnoll closely misses you. The gnoll barely misses you.
The gnoll bouda hits you with a +0 club.
You shoot an arrow.
The arrow barely misses the gnoll bouda.
The gnoll is no longer moving quickly.
The gnoll barely misses you.
The gnoll hits you from afar with a +0 halberd.
The gnoll bouda barks out a call to the hunt!
The gnolls pick up the pace!
You shoot an arrow.
The arrow completely misses the gnoll bouda.
You have got your breath back.
The gnoll hits you but does no damage.
The gnoll hits you from afar with a +0 halberd!
The gnoll bouda closely misses you. The gnoll hits you with a +0 spear.
The gnoll hits you from afar with a +0 halberd!
You die...

############
#........#..
#.######.#.# #.#
#.#.#
####.######.#.####
#.@g)##..........#
#.g##g#..###.#.##.#
#.. g... #....#.##
#... Pg...# #........
#.PP...P.............
#.P..gP.....###.#####
#.P..gKPP..## #.#
#.P. ..P.## #.#


You could see a gnoll bouda and 2 gnolls.

Vanquished Creatures
  A hound (D:3)
  3 adders (D:2)
  A worm (D:2)
  3 dart slugs
  8 orcs
  9 ball pythons
  10 bats
  6 endoplasms
  A giant cockroach (D:3)
  3 goblins
  3 hobgoblins (D:2)
  3 quokkas (D:1)
  4 kobolds
  9 rats
64 creatures vanquished.

Notes
Turn   | Place    | Note
-------+----------+-------------------------------------------
     0 | D:1      | qw the Naga Hunter began the quest for the Orb.
     0 | D:1      | Reached XP level 1. HP: 19/19 MP: 1/1
     0 | D:1      | 0 ||| qw: Version: 0.3-a-9-g12657ce
     0 | D:1      | 0 ||| qw: Game counter: 1264
     0 | D:1      | 0 ||| qw: Always use a shield: true
     0 | D:1      | 0 ||| qw: God list: Okawaru
     0 | D:1      | 0 ||| qw: Allow faded altars: false
     0 | D:1      | 0 ||| qw: Do Orc after D:15 true
     0 | D:1      | 0 ||| qw: Do second Lair branch before Depths: true
     0 | D:1      | 0 ||| qw: Lair rune preference: random
     0 | D:1      | 0 ||| qw: Plans: Normal
     0 | D:1      | 0 ||| PLANNING D:1-11
    17 | D:1      | 17 ||| INVOKING Spit Poison.
    71 | D:1      | 71 ||| INVOKING Spit Poison.
    75 | D:1      | 75 ||| INVOKING Spit Poison.
   102 | D:1      | 102 ||| INVOKING Spit Poison.
   124 | D:1      | 124 ||| INVOKING Spit Poison.
   128 | D:1      | 128 ||| INVOKING Spit Poison.
   132 | D:1      | Reached skill level 4 in Ranged Weapons
   132 | D:1      | Reached XP level 2. HP: 6/26 MP: 2/2
   133 | D:1      | HP: 5/26 [quokka (2)]
   134 | D:1      | 134 ||| INVOKING Spit Poison.
   136 | D:1      | HP: 1/26 [quokka (3)]
   254 | D:1      | 254 ||| INVOKING Spit Poison.
   307 | D:1      | 307 ||| INVOKING Spit Poison.
   381 | D:1      | 381 ||| INVOKING Spit Poison.
   385 | D:1      | 385 ||| INVOKING Spit Poison.
   413 | D:1      | 413 ||| INVOKING Spit Poison.
   417 | D:1      | 417 ||| INVOKING Spit Poison.
   565 | D:1      | 565 ||| INVOKING Spit Poison.
   635 | D:1      | Reached XP level 3. HP: 32/32 MP: 3/3
   646 | D:1      | You fall into a shaft and drop 1 floor!
   697 | D:2      | 697 ||| INVOKING Spit Poison.
   702 | D:2      | 702 ||| INVOKING Spit Poison.
   705 | D:2      | 705 ||| INVOKING Spit Poison.
   709 | D:2      | 709 ||| INVOKING Spit Poison.
   774 | D:2      | 774 ||| INVOKING Spit Poison.
   776 | D:2      | 776 ||| UPGRADING to +0 cloak.
   781 | D:2      | 781 ||| DROPPING scroll of butterflies.
   942 | D:2      | 942 ||| INVOKING Spit Poison.
   948 | D:2      | 948 ||| INVOKING Spit Poison.
   972 | D:2      | 972 ||| INVOKING Spit Poison.
   978 | D:2      | 978 ||| INVOKING Spit Poison.
  1004 | D:2      | 1004 ||| INVOKING Spit Poison.
  1060 | D:2      | 1060 ||| INVOKING Spit Poison.
  1066 | D:2      | 1066 ||| INVOKING Spit Poison.
  1069 | D:2      | 1069 ||| INVOKING Spit Poison.
  1124 | D:2      | 1124 ||| INVOKING Spit Poison.
  1130 | D:2      | 1130 ||| INVOKING Spit Poison.
  1134 | D:2      | Reached skill level 5 in Ranged Weapons
  1134 | D:2      | Reached XP level 4. HP: 33/39 MP: 4/4
  1220 | D:2      | 1220 ||| INVOKING Spit Poison.
  1228 | D:2      | 1228 ||| INVOKING Spit Poison.
  1282 | D:2      | 1282 ||| INVOKING Spit Poison.
  1283 | D:2      | 1283 ||| INVOKING Spit Poison.
  1301 | D:2      | 1301 ||| INVOKING Spit Poison.
  1305 | D:2      | 1305 ||| INVOKING Spit Poison.
  1371 | D:2      | 1371 ||| INVOKING Spit Poison.
  1381 | D:2      | 1381 ||| INVOKING Spit Poison.
  1395 | D:2      | 1395 ||| INVOKING Spit Poison.
  1593 | D:2      | 1593 ||| INVOKING Spit Poison.
  1597 | D:2      | 1597 ||| INVOKING Spit Poison.
  1598 | D:2      | 1598 ||| INVOKING Spit Poison.
  1601 | D:2      | 1601 ||| INVOKING Spit Poison.
  1732 | D:2      | 1732 ||| INVOKING Spit Poison.
  1798 | D:2      | 1798 ||| UPGRADING to ring of protection from cold.
  1799 | D:2      | 1799 ||| READING scroll labelled JABOAMA VAUNNO.
  1800 | D:2      | 1800 ||| READING scroll labelled DOMINL QIEJAME.
  1801 | D:2      | 1801 ||| READING scroll labelled ENUPNE APUFF.
  1802 | D:2      | 1802 ||| READING scroll labelled POBRIN WEFRAEG.
  1900 | D:3      | 1900 ||| PLANNING SEWER
  1901 | D:3      | 1901 ||| INVOKING Spit Poison.
  1905 | D:3      | 1905 ||| INVOKING Spit Poison.
  1911 | D:3      | Reached skill level 3 in Fighting
  1911 | D:3      | Reached XP level 5. HP: 22/49 MP: 5/5
  2040 | D:3      | 2040 ||| INVOKING Spit Poison.
  2043 | D:3      | 2043 ||| INVOKING Spit Poison.
  2046 | D:3      | 2046 ||| INVOKING Spit Poison.
  2050 | D:3      | 2050 ||| INVOKING Spit Poison.
  2184 | D:3      | 2184 ||| INVOKING Spit Poison.
  2197 | D:3      | 2197 ||| INVOKING Spit Poison.
  2212 | D:3      | 2212 ||| READING scroll of enchant armour.
  2212 | D:3      | 2212 ||| ENCHANTING +0 cloak.
  2236 | D:3      | Found Worruf's Armour Shoppe.
  2287 | D:3      | 2287 ||| INVOKING Spit Poison.
  2377 | D:3      | 2377 ||| INVOKING Spit Poison.
  2382 | D:3      | 2382 ||| INVOKING Spit Poison.
  2399 | D:3      | 2399 ||| INVOKING Spit Poison.
  2401 | D:3      | 2401 ||| Stepping ~*~*~tactically~*~*~ (outnumbered).
  2402 | D:3      | 2402 ||| Stepping ~*~*~tactically~*~*~ (outnumbered).
  2405 | D:3      | 2405 ||| INVOKING Spit Poison.
  2410 | D:3      | 2410 ||| INVOKING Spit Poison.
  2414 | D:3      | HP: 10/49 [gnoll/+0 halberd[a gnoll bouda] (7)]
  2414 | D:3      | HP: 4/49 [gnoll/+0 spear[a gnoll bouda] (6)]
  2414 | D:3      | Mangled by a gnoll

Levels and vault maps discovered:
D:1:      giann_bridges, layout_basic, grunt_decor_fettered
D:2:      layout_basic, nicolae_hexahallways, grunt_ministairs_15
D:3:      layout_loops_corners, portal_sewer_entry_f, serial_shops, shop,
          nicolae_grassy_gnolls

Skill      XL: |  1  2  3  4 |
---------------+-------------+-----
Ranged Weapons | 4 5 |  5.1
Fighting       | 3 |  3.3
Dodging        | |  1.5
Stealth        | |  1.5

Action                     |  1- 3 |  4- 6 || total
---------------------------+-------+-------++-------
   Fire: Shortbow          |    69 |    64 ||   133
Ability: Spit Poison       |    29 |    26 ||    55
    Use: Scroll            |       |     5 ||     5
 Armour: Leather armour    |    11 |    10 ||    21
  Dodge: Dodged            |    20 |    26 ||    46

Table legend:
 A = Non-vault XP
 B = Vault XP
 C = Vault XP percentage of total XP
 D = Non-vault monster count
 E = Vault monster count
 F = Vault count percentage of total count
                 A         B        C        D         E       F
            +---------+---------+-------+---------+---------+-------
      Total |     194 |       1 |   0.5 |      63 |       1 |   1.6
            +---------+---------+-------+---------+---------+-------
        D:1 |      34 |       0 |   0.0 |      18 |       0 |   0.0
        D:2 |      94 |       1 |   1.1 |      32 |       1 |   3.0
        D:3 |      66 |       0 |   0.0 |      13 |       0 |   0.0
            +---------+---------+-------+---------+---------+-------
